 Dungeon Crawl Stone Soup version 0.32-a0-913-g739538afd8 (webtiles) character file.

Game seed: 8261030655799190486

907 Adrian566 the Slasher (level 7, -4/81 HPs)
             Began as a Demonspawn Gladiator on Apr 8, 2024.
             Killed by an exploding bat (10 damage)
             ... ignited by their inner flame
             ... on level 4 of the Dungeon.
             The game lasted 00:05:08 (3869 turns).

Adrian566 the Slasher (Demonspawn Gladiator)        Turns: 3869, Time: 00:05:08

Health: -4/81      AC: 27    Str: 15    XL:     7   Next: 81%
Magic:  7/7        EV:  2    Int:  8    God:
Gold:   163        SH:  0    Dex: 16    Spells: 6/6 levels left

rFire   . . .        a - +1 long sword
rCold   . . .        f - orb {mayhem}
rNeg    . . .        b - melded +0 leather armour
rPois   +            c - melded +0 helmet
rElec   .            i - melded +1 cloak
rCorr   .            (gloves currently unavailable)
SInv    .            j - melded +1 pair of boots
Will    .....        (no amulet)
Stlth   ++           g - +4 ring of protection
HPRegen 0.33/turn    (no ring)
MPRegen 0.10/turn

%: mayhem
@: brilliant, tree-form
A: stationary, stasis, torment immunity, boosted hp, (sanguine armour 1),
condensation shield, (weakness stinger 1)
a: no special abilities


You were on level 4 of the Dungeon.
You were a tree.
You visited 1 branch of the dungeon, and saw 4 of its levels.

You collected 163 gold pieces.

Inventory:

Hand Weapons
 a - a +1 long sword (weapon)
Missiles
 d - 3 throwing nets (quivered)
 e - a javelin
 l - 3 silver javelins
Armour
 b - a +0 leather armour (melded)
 c - a +0 helmet (melded)
 f - an orb of mayhem (worn)
 i - a +1 cloak (melded)
 j - a +1 pair of boots (melded)
Jewellery
 g - a +4 ring of protection (left branch)
Wands
 o - a wand of light (4)
 q - a wand of flame (14)
Scrolls
 h - 3 scrolls of immolation
 r - a scroll of enchant weapon
 s - a scroll of amnesia
Potions
 n - a potion of curing
 p - a potion of mutation


   Skills:
 + Level 4.0 Fighting
 + Level 6.2 Long Blades
 + Level 1.7 Throwing
 + Level 2.8 Armour
 + Level 4.2 Dodging
 + Level 1.8 Stealth


You had 6 spell levels left.
You didn't know any spells.
Your spell library was empty.

Dungeon Overview and Level Annotations

Branches:
Dungeon (4/15)
 Temple: D:4-7

Altars:
Ashenzari

Annotations:
D:4 Eustachio


Innate Abilities, Weirdness & Mutations

You are a tree.
Your roots penetrate the ground, keeping you stationary.
You cannot be teleported.
You are immune to unholy pain and torment.
Your maximum health is greatly increased.
Your equipment is partially melded.
((When seriously injured, your blood forms armour. (AC +0)))
A meltable shield of frost defends you. (SH +0)
((You have a small tail.))


Message History

The quasit bites you but does no damage.
The quasit claws you but does no damage. x2
The rat bites you but does no damage.
The river rat bites you but does no damage.
Unknown command.
You hit the river rat.
Flame seeps out of the river rat.
The river rat is heavily wounded.
The bat hits you but does no damage.
The quasit bites you but does no damage.
The quasit claws you but does no damage. x2
The crimson imp hits you but does no damage.
The rat bites you but does no damage.
The river rat is engulfed in blazing flames.
The river rat's corpse disappears in a puff of smoke!
The river rat explodes!
The fiery explosion engulfs the crimson imp.
The crimson imp completely resists.
The fiery explosion engulfs the white imp!!!
The white imp is burned terribly!
The white imp disappears in a puff of smoke!
The fiery explosion engulfs the bat!!
The bat's corpse disappears in a puff of smoke!
The fiery explosion engulfs you!
Your condensation shield dissipates!
* * * LOW HITPOINT WARNING * * *
The fiery explosion engulfs the quasit!
The quasit resists.
The quasit disappears in a puff of smoke!
The quasit explodes!
The fiery explosion engulfs you!
* * * LOW HITPOINT WARNING * * *
The fiery explosion engulfs the rat!!
The rat's corpse disappears in a puff of smoke!
The rat explodes!
The fiery explosion engulfs you but does no damage.
The bat explodes!
The fiery explosion engulfs Eustachio!!
Flame seeps out of Eustachio.
Eustachio is almost dead.
The fiery explosion engulfs the crimson imp.
The crimson imp completely resists.
The fiery explosion engulfs you!
You die...

.............
#.............
.............
#............
##............ #
##............. ...
###?.............
.....###§§..#...##......
.....@5♣§§####.## #.....
.....§§○### #..###.....
.....§§## #..##......
....... ##.##..†..#
....... ###.....†..#
#...... ####..........#
###..## ............##..
##. .......##.#####.
.###.....## ##


You could see Eustachio (inner flame) and a crimson imp (summoned, inner flame).

Vanquished Creatures
  Sigmund (D:2)
  3 black bears (D:4)
  2 scorpions (D:4)
  2 hounds (D:4)
  An orc priest (D:4)
  Crazy Yiuf (D:3)
  Jessica (D:2)
  Natasha (D:2)
  A gnoll (D:4)
  4 adders
  A dart slug (D:1)
  A ribbon worm (D:4)
  8 orcs
  9 bats
  11 endoplasms
  3 giant cockroaches
  16 goblins
  9 hobgoblins
  5 jackals (D:1)
  3 quokkas
  6 ball pythons
  4 frilled lizards
  9 kobolds
  3 rats
105 creatures vanquished.

Vanquished Creatures (collateral kills)
  2 goblins (D:3)
  A hobgoblin (D:3)
  A ball python (D:4)
4 creatures vanquished.

Vanquished Creatures (others)
  A bombardier beetle (D:4)
  Robin (D:3)
  An endoplasm (D:3)
3 creatures vanquished.

Grand Total: 112 creatures vanquished

Notes
Turn   | Place    | Note
-------+----------+-------------------------------------------
     0 | D:1      | Adrian566 the Demonspawn Gladiator began the quest for the
                  | Orb.
     0 | D:1      | Reached XP level 1. HP: 16/16 MP: 1/1
   336 | D:1      | Reached skill level 3 in Long Blades
   336 | D:1      | Gained mutation: When seriously injured, your blood forms
                  | armour. (AC +0) [demonic ancestry]
   336 | D:1      | Reached XP level 2. HP: 22/22 MP: 2/2
   672 | D:1      | Reached XP level 3. HP: 26/28 MP: 3/3
  1169 | D:2      | Found a broken altar of Ashenzari.
  1259 | D:2      | Noticed Jessica
  1265 | D:2      | Killed Jessica
  1266 | D:2      | Reached XP level 4. HP: 27/34 MP: 4/4
  1742 | D:2      | Reached skill level 1 in Armour
  1821 | D:2      | Reached skill level 4 in Long Blades
  2130 | D:2      | Noticed Natasha
  2137 | D:2      | Killed Natasha
  2138 | D:2      | Reached skill level 1 in Stealth
  2138 | D:2      | Gained mutation: You have a small tail. [demonic ancestry]
  2138 | D:2      | Reached XP level 5. HP: 39/40 MP: 5/5
  2256 | D:3      | Noticed Sigmund
  2330 | D:2      | Killed Sigmund
  2331 | D:2      | Reached XP level 6. HP: 37/47 MP: 6/6
  2413 | D:3      | Noticed Robin
  2427 | D:3      | Killed Robin
  2676 | D:3      | Found a faded altar of an unknown god.
  3064 | D:3      | Found a runed translucent door.
  3065 | D:3      | Noticed Crazy Yiuf
  3072 | D:3      | Killed Crazy Yiuf
  3073 | D:3      | Reached skill level 5 in Long Blades
  3106 | D:3      | Identified the +6 hammer "Vonuqin" {venom, *Noise rElec
                  | rC+}
  3462 | D:4      | Gained mutation: A meltable shield of frost defends you.
                  | (SH +0) [demonic ancestry]
  3462 | D:4      | Reached XP level 7. HP: 45/52 MP: 7/7
  3793 | D:4      | Reached skill level 6 in Long Blades
  3843 | D:4      | Noticed Eustachio
  3869 | D:4      | Killed by an exploding bat... ignited by their inner flame

Illustrated notes

Levels and vault maps discovered:
D:1:      dpeg_arrival_arbitrary_b, layout_loops_corners
D:2:      layout_loops_corners, basic_altar, hangedman_decor_slide_cut,
          minivault_5, uniq_jessica, uniq_natasha
D:3:      layout_loops_ring, shapermc_ecumenical_altar_hornbeckon,
          chequers_serial_rivers_room_a, kennysheep_another_room,
          chequers_serial_rivers_micro_d, uniq_crazy_yiuf_cottage, uniq_sigmund,
          uniq_robin
D:4:      cheibrodos_fertilizer, layout_layer_cave, minmay_increasing_density,
          uniq_eustachio

Skill      XL: |  1  2  3  4  5  6  7 |
---------------+----------------------+-----
Long Blades    | 3 4 5 6 |  6.2
Dodging        | 3 4 |  4.2
Armour         | 1 2 |  2.8
Stealth        | 1 |  1.8
Fighting       | 3 4 |  4.0
Throwing       | |  1.7

Action                     |  1- 3 |  4- 6 |  7- 9 || total
---------------------------+-------+-------+-------++-------
  Melee: Long sword        |    98 |   172 |    68 ||   338
         Tailslap          |       |    15 |     8 ||    23
    Use: Scroll            |       |     4 |     2 ||     6
         Potion            |       |     4 |     3 ||     7
   Stab: Sleeping          |     3 |     4 |       ||     7
 Armour: Leather armour    |    76 |   112 |   103 ||   291
         Skin              |       |    12 |    31 ||    43
  Dodge: Dodged            |    71 |   120 |   108 ||   299

Table legend: (Time is in decaauts)
 A = Elapsed time spent in this place.
 B = Non-inter-level travel time spent in this place.
 C = Inter-level travel time spent in this place.
 D = Time resting spent in this place.
 E = Time spent auto-exploring this place.
 F = Levels seen in this place.
 G = Mean time per level.
                   A        B        C        D        E       F      G
               +--------+--------+--------+--------+--------+-----+--------+
         Total |   3951 |   3742 |    209 |      5 |   2941 |   4 |  987.8 |
       Dungeon |   3951 |   3742 |    209 |      5 |   2941 |   4 |  987.8 |
               +--------+--------+--------+--------+--------+-----+--------+

Top non-repeatable levels by time:
     D:1: 1188 daAuts
     D:2: 1158 daAuts
     D:3: 1030 daAuts
     D:4: 573 daAuts
